AoeStats
← mat13bg

MegaRandom

505095123Analyzed
4v4 RM · 25d ago on Sep 7, 2026· 103m 39s· 8 players
Game mode
Random Map
Map size
Large (8 player)
Population
200
Speed
Normal
Resources
Standard
Victory
Conquest
Starting age
Dark Age
Ending age
Imperial Age
RankedLock teamsTeams togetherTeam positionsShared explorationLock speedFull tech treeHidden civsTurbo modeCheats
Victory
Defeat
🇧🇬 Persians · Bulgaria
753
+17
🇧🇬 Mapuche · Bulgaria
716
+18
🇧🇬 Wu · Bulgaria
700
+19
🇧🇬 Sicilians · Bulgaria
674
+20
🇧🇪 Goths · Belgium
813
-21
🇧🇪 Cumans · Belgium
758
-18
🇧🇪 Burgundians · Belgium
751
-18
🇧🇪 Vietnamese · Belgium
738
-17
mat13bg
7:45 Loom
10:39 Feudal Age
15:37 Horse Collar
15:46 Double-Bit Axe
15:54 Gold Mining
21:33 Castle Age
23:30 Heavy Plow
23:45 Bow Saw
31:07 Imperial Age
29:28 Gold Shaft Mining
33:28 Caravan
33:59 Coinage
33:39 Guilds
36:19 Wheelbarrow
37:07 Gambesons
36:43 Man-at-Arms
36:44 Pikeman
37:24 Squires
37:10 Arson
41:25 Chemistry
43:50 Elite Serjeant
45:02 Hand Cart
45:24 Banking
50:10 First Crusade
49:57 Hauberk
50:35 Hoardings
50:21 Conscription
49:26 Long Swordsman
51:14 Two-Handed Swordsman
52:02 Scale Mail Armor
52:13 Forging
52:36 Champion
52:40 Halberdier
55:50 Chain Mail Armor
56:11 Iron Casting
67:08 Stone Mining
70:49 Plate Mail Armor
71:20 Blast Furnace
75:22 Stone Shaft Mining
svetoslavivanov1
0:51 Loom
12:45 Feudal Age
20:22 Castle Age
27:29 Double-Bit Axe
29:09 Horse Collar
29:40 Murder Holes
29:57 Masonry
37:43 Imperial Age
35:57 Wheelbarrow
41:40 Chemistry
40:54 Elite Fire Archer
41:42 Padded Archer Armor
41:32 Fletching
42:26 Caravan
47:47 Conscription
50:36 Leather Archer Armor
50:53 Sitting Tiger
50:54 Red Cliffs Tactics
53:20 Pikeman
54:02 Squires
55:50 Halberdier
57:41 Bow Saw
58:22 Hand Cart
60:28 Two-Man Saw
67:06 Heavy Plow
68:45 Scale Mail Armor
68:56 Forging
68:42 Bodkin Arrow
68:45 Gold Mining
72:44 Chain Mail Armor
73:05 Iron Casting
72:31 Bracer
90:27 Plate Mail Armor
91:00 Blast Furnace
101:19 Spies/Treason
GRaFa
8:45 Loom
11:50 Feudal Age
13:00 Double-Bit Axe
14:49 Wheelbarrow
14:20 Horse Collar
18:52 Castle Age
18:29 Gold Mining
20:41 Bow Saw
22:28 Hand Cart
25:15 Gold Shaft Mining
24:31 Stone Mining
29:20 Careening
30:23 Caravan
33:05 Imperial Age
32:41 Fletching
37:02 Stone Shaft Mining
38:03 Conscription
37:55 Butalmapu
38:38 Ballistics
41:01 Bodkin Arrow
41:31 Onager
42:02 Heavy Scorpion
43:47 Chemistry
48:43 Malon
49:02 Elite Kona
54:06 Siege Engineers
60:13 Masonry
64:23 Forging
64:49 Architecture
64:13 Capped Ram
65:58 Murder Holes
69:12 Iron Casting
100:21 Blast Furnace
101:03 Spies/Treason
gruckiq
7:53 Loom
10:53 Feudal Age
12:23 Double-Bit Axe
20:28 Castle Age
21:32 Horse Collar
22:03 Bow Saw
21:44 Gold Mining
23:04 Caravan
24:52 Wheelbarrow
33:18 Elite Skirmisher
36:37 Hand Cart
40:29 Imperial Age
42:57 Conscription
44:10 Scale Barding Armor
44:06 Scale Mail Armor
44:34 Town Watch
45:49 Bloodlines
45:00 Cavalier
45:42 Husbandry
46:47 Chemistry
46:01 Masonry
47:11 Heavy Plow
50:09 Forging
52:40 Ballistics
54:24 Town Patrol
59:35 Two-Man Saw
61:22 Citadels
61:51 Hoardings
69:09 Kamandaran
70:24 Crossbowman
71:16 Thumb Ring
77:57 Capped Ram
80:53 Fletching
81:04 Padded Archer Armor
81:24 Chain Barding Armor
81:20 Chain Mail Armor
83:49 Savar
88:56 Siege Ram
103:13 Spies/Treason
sixmonts1985
11:19 Feudal Age
13:05 Wheelbarrow
13:21 Horse Collar
14:15 Double-Bit Axe
20:15 Castle Age
20:51 Capped Ram
22:53 Coinage
23:39 Bow Saw
24:37 Heavy Plow
28:10 Hand Cart
35:41 Caravan
36:28 Pikeman
38:01 Man-at-Arms
39:19 Long Swordsman
40:00 Squires
44:47 Imperial Age
43:02 Gold Mining
43:03 Stone Mining
48:20 Two-Handed Swordsman
48:21 Halberdier
49:14 Cavalier
53:54 Two-Man Saw
53:29 Crop Rotation
53:06 Paladin
54:32 Elite Kipchak
65:56 Champion
68:17 Scale Barding Armor
68:23 Forging
68:14 Scale Mail Armor
68:52 Banking
68:33 Guilds
73:35 Steppe Husbandry
73:40 Cuman Mercenaries
78:49 Arson
84:43 Chain Mail Armor
85:03 Iron Casting
Cyp
2:21 Loom
10:27 Wheelbarrow
10:02 Double-Bit Axe
10:21 Horse Collar
13:20 Feudal Age
14:02 Town Watch
17:51 Double-Bit Axe
18:44 Heavy Plow
21:07 Hand Cart
21:24 Bow Saw
24:38 Castle Age
22:57 Forging
22:54 Scale Barding Armor
27:51 Crop Rotation
29:08 Stone Mining
29:11 Gold Mining
30:22 Light Cavalry
31:06 Husbandry
30:33 Cavalier
33:23 Iron Casting
35:17 Gold Shaft Mining
36:38 Chain Barding Armor
36:48 Town Patrol
37:38 Burgundian Vineyards
41:23 Imperial Age
39:12 Murder Holes
39:39 Ballistics
39:31 Fortified Wall
42:31 Stone Shaft Mining
44:25 Two-Man Saw
44:36 Caravan
47:29 Hussar
59:09 Chemistry
58:22 Masonry
57:53 Treadmill Crane
59:36 Conscription
58:38 Elite Coustillier
60:00 Hoardings
60:45 Blast Furnace
60:20 Plate Barding Armor
59:39 Fletching
59:49 Scale Mail Armor
59:51 Padded Archer Armor
75:27 Bodkin Arrow
75:48 Leather Archer Armor
75:51 Chain Mail Armor
76:10 Architecture
78:11 Flemish Revolution
RAF_Ovni
11:33 Feudal Age
12:02 Double-Bit Axe
18:47 Gold Mining
19:05 Fletching
34:41 Castle Age
35:09 Padded Archer Armor
37:36 Thumb Ring
36:52 Crossbowman
37:56 Leather Archer Armor
37:37 Bodkin Arrow
37:53 Forging
37:49 Scale Barding Armor
46:25 Bow Saw
52:35 Ballistics
52:06 Heated Shot
54:32 Chain Barding Armor
65:27 Pikeman
66:07 Squires
67:30 Elite Skirmisher
82:39 Imperial Age
90:34 Arbalester
91:36 Caravan
Ralazz
1:23 Loom
10:29 Feudal Age
10:55 Double-Bit Axe
10:53 Horse Collar
12:59 Town Watch
15:04 Gold Mining
18:15 Man-at-Arms
23:02 Castle Age
22:30 Scale Mail Armor
22:41 Forging
24:00 Heavy Plow
24:13 Bow Saw
24:23 Squires
24:30 Long Swordsman
26:40 Iron Casting
27:49 Chain Mail Armor
26:59 Pikeman
44:07 Town Patrol
44:43 Wheelbarrow
44:41 Caravan
53:42 Hand Cart
58:08 Imperial Age
58:17 Two-Handed Swordsman
60:07 Blast Furnace
59:11 Padded Archer Armor
60:40 Crop Rotation
61:15 Two-Man Saw
63:44 Leather Archer Armor
62:55 Champion
64:57 Conscription
66:25 Murder Holes
66:24 Heated Shot
67:35 Chemistry
66:56 Ballistics
66:47 Masonry
86:34 Halberdier
89:03 Ring Archer Armor
88:24 Fletching
88:40 Scale Barding Armor
89:09 Architecture
Connection lost

Rejoining the realm…

Still unreachable

The connection could not be restored.

Session expired

The server has moved on; the page needs a fresh start.